 Dungeon Crawl Stone Soup version 0.17-a0-1481-gfdcec5c (webtiles) character file.

129 amnekian the Sneak (level 5, -1/31 HPs)
             Began as an Octopode Enchanter on July 4, 2015.
             Killed from afar by an orc wizard (9 damage)
             ... with a puff of flame
             ... on level 3 of the Dungeon.
             The game lasted 00:17:32 (3706 turns).

amnekian the Sneak (Octopode Enchanter)             Turns: 3706, Time: 00:17:33

Health: -1/31      AC:  1    Str: 13    XL:     5   Next: 12%
Magic:  6/8        EV: 13    Int: 17    God:
Gold:   140        SH:  0    Dex: 13    Spells: 2 memorised, 5 levels left

rFire  . . .     SeeInvis .     a - +1 dagger
rCold  . . .     Clarity  .     (no shield)
rNeg   . . .     SustAt   .     (helmet restricted)
rPois  .         Gourm    .     (no amulet)
rElec  .         Spirit   .     (no ring)
rCorr  .         Warding  .     (no ring)
rMut   .         Stasis   .     (no ring)
MR     .....                    (no ring)
Stlth  ++++......               (no ring)
                                (no ring)
                                (no ring)
                                (no ring)

@: mighty, not resistant to hostile enchantments, stealthy
A: almost no armour, amphibious, 8 rings, constrict 8, camouflage 1, gelatinous
body 1
a: no special abilities


You were on level 3 of the Dungeon.
You were not hungry.

You visited 1 branch of the dungeon, and saw 3 of its levels.

You collected 140 gold pieces.

Inventory:

Hand weapons
 a - a +1 dagger (weapon)
 b - a +0 hunting sling
 m - a +1 short sword of holy wrath
Missiles
 e - 117 stones (quivered)
 l - 36 arrows
 r - 18 poisoned needles
Jewellery
 p - a +4 ring of evasion {unknown}
Scrolls
 f - a scroll of remove curse {unknown}
 i - 2 scrolls of enchant armour {unknown}
 j - 4 scrolls of teleportation {unknown}
 u - a scroll of identify {unknown}
 v - a scroll of random uselessness {unknown}
Potions
 o - a potion of cancellation {unknown}
 s - a potion of haste {unknown}
 t - a potion of flight {unknown}
Books
 k - a book of Maledictions

   Spells                             Type                      Level
   a - Corona                         Hexes                        1
   b - Ensorcelled Hibernation        Hexes/Ice                    2
   c - Confuse                        Hexes                        3
   d - Tukima's Dance                 Hexes                        3
   e - Dazzling Spray                 Conjuration/Hexes            3
Comestibles
 c - a bread ration
 g - 5 meat rations
 q - 3 chunks of flesh


   Skills:
 - Level 1.0 Short Blades
 * Level 3.3 Dodging
 - Level 4.0 Stealth
 - Level 2.0 Spellcasting
 - Level 3.6 Hexes
 - Level 3.0 Ice Magic


You had 5 spell levels left.
You knew the following spells:

 Your Spells              Type           Power        Failure   Level  Hunger
a - Corona                Hex            ##.....      4%          1    #......
b - Ensorcelled Hibernat  Hex/Ice        ##....       10%         2    ###....


Dungeon Overview and Level Annotations

Branches:
Dungeon (3/15)

Altars:
Elyvilon
Qazlal

Annotations:
D:3 exclusions: centaur, goblin and 2 more exclusions, Grinder, Terence


Innate Abilities, Weirdness & Mutations

You cannot wear most types of armour.
You are amphibious.
You can wear up to eight rings at the same time.
You can use your tentacles to constrict eight enemies at once.
Your skin changes colour to match your surroundings (Stealth).
Your rubbery body absorbs attacks (AC +1).


Message History

The orc wizard barely misses you. x2
You hit the orc wizard. Your grab misses the orc wizard.
The orc wizard is almost dead.
The orc wizard hits you with a dagger.
* * * LOW HITPOINT WARNING * * *
The orc wizard casts a spell.
The orc wizard flickers and vanishes!
Deactivating autopickup; reactivate with Ctrl-A.
Casting: Ensorcelled Hibernation
Confirm with . or Enter, or press ? or * to list all spells.
Aiming: Ensorcelled Hibernation
Press: ? - help, Shift-Dir - straight line, f/p - orc wizard
Aim: an orc wizard, wielding a dagger and wearing a robe (lightly wounded, fast, chance to defeat MR: 44%)
The orc wizard resists with some effort.
The orc wizard misses you.
The orc wizard hits you but does no damage.
You hear some strange, mumbled words.
A puff of flame appears from out of thin air!
The puff of flame hits you!
You die...

####### #.#o#####.#
#####.#....>).#
##...#.#......>#
##......#.#####.####
####
####.......#.#####.....
#..
.......................
#.#
#####......<#.#####..#.#
#<#
#......{o............#.#
#.#
#.###.#@...)..######.# #
#.# #.# #.####...##
#.... #.###.###.# ##.##
###.# #.........# #.# .#
#####.##### #.# . ...#
#'# # ...# ... ....# ...
#..##


You could see an orc wizard.

Vanquished Creatures
  3 adders
  3 oozes (D:2)
  2 worms (D:2)
  2 giant geckos (D:2)
  8 orcs (D:3)
  8 bats
  5 hobgoblins
  5 jackals
  6 giant cockroaches
  7 giant newts
  6 goblins
  8 kobolds
  2 quokkas (D:2)
  12 rats
77 creatures vanquished.

Notes
Turn   | Place    | Note
--------------------------------------------------------------
     0 | D:1      | amnekian the Octopode Enchanter began the quest for the Orb.
     0 | D:1      | Reached XP level 1. HP: 11/11 MP: 3/3
   370 | D:1      | Reached XP level 2. HP: 17/17 MP: 5/5
   528 | D:1      | Learned a level 2 spell: Ensorcelled Hibernation
   879 | D:1      | Reached skill level 1 in Ice Magic
  1334 | D:2      | Reached XP level 3. HP: 21/21 MP: 1/6
  1378 | D:2      | Found a white marble altar of Elyvilon.
  1818 | D:2      | Reached XP level 4. HP: 27/27 MP: 4/7
  2111 | D:3      | Noticed Grinder
  2686 | D:3      | Found a stormy altar of Qazlal.
  2821 | D:3      | Noticed Terence
  3048 | D:3      | Noticed a centaur
  3568 | D:2      | Reached XP level 5. HP: 31/31 MP: 1/8
  3706 | D:3      | Killed from afar by an orc wizard

Vault maps used:
D:1:      sevenhm_arrival_forest_fort_large_4, hangedman_decor_lopped
D:2:      elyvilon_altar_5, minmay_statues_item
D:3:      grunt_qazlal_sundering, uniq_terence, uniq_grinder

Action                   |  1- 3 |  4- 6 || total
-------------------------+-------+-------++-------
Melee: Dagger            |    62 |    43 ||   105
 Fire: Hunting sling     |     2 |    32 ||    34
 Cast: Ensorcelled Hiber |    17 |    18 ||    35
       Corona            |     1 |       ||     1
  Use: Potion            |       |     3 ||     3
 Stab: Sleeping          |    24 |    13 ||    37
  Eat: Chunk             |     4 |     7 ||    11
